 Dungeon Sprint DCSS version 0.27-a0-1158-gaa87e14f67 (webtiles) character file.

Game seed: 18159745241164247637

10410 Zeld the Warrior (level 11, -2/97 HPs)
             Began as an Octopode Fighter on May 16, 2021.
             Was the Champion of Jiyva.
             Slain by a pearl dragon (28 damage)
             ... in the Dungeon (Sprint V: "Ziggurat Sprint").
             The game lasted 00:06:27 (539 turns).

Zeld the Warrior (Octopode Fighter)                  Turns: 539, Time: 00:06:28

Health: -2/97      AC: 10    Str: 39    XL:     11   Next: 61%
Magic:  20/20      EV: 16    Int:  9    God:    Jiyva [******]
Gold:   0          SH: 35    Dex: 12    Spells: 10/10 levels left

rFire    + . .     SeeInvis +   k - +5 broad axe (flame)
rCold    . . .     Faith    +   j - +7 tower shield
rNeg     + . .     Spirit   .   (helmet restricted)
rPois    +         Reflect  .   G - amulet "Ciototz" {Faith +Inv Str+4 Int-3 SInv}
rElec    .         Harm     .   x - +6 ring of strength
rCorr    +         Rampage  .   w - +6 ring of strength
Will     .....     NoTele   +   z - ring "Turagiet" {rF+ AC+4}
Stlth    ++........             (no ring)
HPRegen  0.26/turn              D - ring of Didagoni {rN+ MP+9 Int+2 Stlth+}
MPRegen  0.17/turn              B - ring "Vadep" {rPois Str+2}
                                F - +4 ring of protection
                                H - +4 ring of evasion

@: glowing
A: almost no armour, amphibious, 8 rings, camouflage 1, gelatinous body 1,
(nimble swimmer 1), tentacles, beak, large bone plates 1, passive freeze, shaggy
fur 1, strong 1, pseudopods 2
a: Renounce Religion, Evoke Invisibility, Request Jelly, Slimify, Cure Bad
Mutation


You were in the Dungeon.
You worshipped Jiyva.
Jiyva was exalted by your worship.
You visited 1 branch

Inventory:

Hand Weapons
 a - a +0 war axe
 k - a +5 broad axe of flaming (weapon)
Armour
 b - a +0 kite shield
 j - a +7 tower shield (worn)
Jewellery
 w - a +6 ring of strength (right tentacle)
 x - a +6 ring of strength (left tentacle)
 z - the ring "Turagiet" (on tentacle) {rF+ AC+4}
   (You found it in the Dungeon)

   [ring of protection]

   It affects your AC (+4).
   It protects you from fire.
 B - the ring "Vadep" (on tentacle) {rPois Str+2}
   (You found it in the Dungeon)

   [ring of poison resistance]

   It affects your strength (+2).
   It protects you from poison.
 D - the ring of Didagoni (on tentacle) {rN+ MP+9 Int+2 Stlth+}
   (You found it in the Dungeon)

   [ring of magical power]

   It affects your intelligence (+2).
   It protects you from negative energy.
   It affects your magic capacity (+9).
   It makes you more stealthy.
 F - a +4 ring of protection (on tentacle)
 G - the amulet "Ciototz" (around mantle) {Faith +Inv Str+4 Int-3 SInv}
   (You found it in the Dungeon)

   [amulet of faith]

   It allows you to gain divine favour quickly.
   It affects your strength (+4).
   It affects your intelligence (-3).
   It lets you see invisible.
   It lets you turn invisible.
 H - a +4 ring of evasion (on tentacle)
Wands
 t - a wand of mindburst (7)
 u - a wand of iceblast (7)
 v - a wand of acid (7)
Scrolls
 i - 4 scrolls of blinking
 l - 4 scrolls of amnesia
 m - 7 scrolls of fog
 n - a scroll of holy word
 o - 5 scrolls of identify
 p - 2 scrolls of fear
Potions
 c - 6 potions of might
 d - 10 potions of curing
 e - 8 potions of heal wounds
 f - 14 potions of haste
 g - 7 potions of magic
 h - 3 potions of berserk rage
 q - 2 potions of brilliance
 r - 2 potions of invisibility
 s - 4 potions of resistance
Miscellaneous
 y - a lightning rod (4/4)
 A - a condenser vane
 C - a phial of floods
 E - a condenser vane
 I - a piece from Xom's chessboard (15/15)
 K - a piece from Xom's chessboard (15/15)
 L - a piece from Xom's chessboard (15/15)


   Skills:
 * Level 17.8 Fighting
 * Level 15.8 Axes
 - Level 3.0 Dodging
 * Level 16.0 Shields


You had 10 spell levels left.
You didn't know any spells.
Your spell library contained the following spells:

 Spells                   Type           Power      Damage    Failure   Level
 Foxfire                  Conj/Fire      0%         2x1d4     78%         1
 Magic Dart               Conj           0%         1d3       78%         1
 Summon Small Mammal      Summ           0%         N/A       78%         1
 Blink                    Tloc           N/A        N/A       89%         2
 Call Imp                 Summ           0%         N/A       89%         2
 Passwall                 Tmut/Erth      0%         N/A       89%         2
 Poisonous Vapours        Pois/Air       0%         N/A       89%         2
 Slow                     Hex            0%         N/A       89%         2
 Call Canine Familiar     Summ           0%         N/A       98%         3
 Confusing Touch          Hex            0%         N/A       98%         3
 Conjure Flame            Conj/Fire      0%         6-21      98%         3
 Gell's Gravitas          Tloc           0%         N/A       98%         3
 Mephitic Cloud           Conj/Pois/Air  0%         N/A       98%         3
 Summon Guardian Golem    Hex/Summ       0%         N/A       98%         3
 Swiftness                Air            0%         N/A       98%         3
 Iskenderun's Mystic Bla  Conj/Tloc      0%         2d3       100%        4
 Passage of Golubria      Tloc           N/A        N/A       100%        4
 Petrify                  Tmut/Erth      0%         N/A       100%        4
 Summon Ice Beast         Ice/Summ       0%         N/A       100%        4
 Summon Lightning Spire   Summ/Air       0%         N/A       100%        4
 Lee's Rapid Deconstruct  Erth           0%         3d5*      100%        5
 Lightning Bolt           Conj/Air       0%         1d11      100%        5
 Metabolic Englaciation   Hex/Ice        0%         N/A       100%        5
 Yara's Violent Unravell  Hex/Tmut       0%         3d3       100%        5
 Freezing Cloud           Conj/Ice/Air   0%         6-21      100%        6
 Invisibility             Hex            0%         N/A       100%        6
 Spellforged Servitor     Conj/Summ      0%         N/A       100%        7


Dungeon Overview and Level Annotations

Branches:
Dungeon (1/1)

Altars:
Ashenzari
Cheibriados
Dithmenos
Elyvilon
Fedhas
Gozag
Hepliaklqana
Kikubaaqudgha
Makhleb
Nemelex Xobeh
Okawaru
Qazlal
Ru
Sif Muna
Trog
Uskayaw
Vehumet
Wu Jian
Xom
Yredelemnul
Zin
The Shining One
Beogh
Jiyva
Lugonu

Annotations:
D 1 transporter


Innate Abilities, Weirdness & Mutations

You cannot wear most types of armour.
You are amphibious.
You can wear up to eight rings at the same time.
Your skin changes colour to match your surroundings (Stealth+).
Your rubbery body absorbs attacks. (AC +1, EV +1)
((You are camouflaged near water. (Stealth+)))
You have tentacles for arms and can constrict up to eight enemies at once.
You have a beak for a mouth.
You are partially covered in large bone plates. (SH +4)
A frigid envelope surrounds you and freezes all who hurt you.
You are covered in fur. (AC +1)
Your muscles are strong. (Str +2)
Armour fits poorly on your large pseudopods.


Message History

The angel is very cold.
The angel is severely wounded.
You block the angel's attack.
The jelly is engulfed in blessed fire.
The jelly dies!
The daeva calls down the wrath of the Shining One upon you.
The Shining One smites you!
You feel much better.
You are engulfed in blessed fire.
You constrict the daeva! You constrict the angel!
You block the pearl dragon's attack. x2; The angel misses you.
You block the angel's attack.
You hear a distant slurping noise.
You feel better.
The daeva hits you with a +4 long sword of holy wrath!
The daeva is very cold.
The daeva is heavily wounded.
The daeva hits you with a +4 long sword of holy wrath.
The daeva is very cold.
The daeva is severely wounded.
Unknown command.
Unknown command.
You hit the angel. You burn the angel. You peck the angel, but do no damage.
The angel is almost dead.
You slice the daeva!! You burn the daeva!
You kill the daeva!
You slash the pearl dragon! You burn the pearl dragon.
You are engulfed in blessed fire.
You constrict the angel!
You kill the angel!
The pearl dragon bites you!!
* * * LOW HITPOINT WARNING * * *
You shudder from the blow and a jelly pops out!
The pearl dragon is very cold.
The pearl dragon is heavily wounded.
You block the pearl dragon's attack.
You hear a distant slurping noise.
You feel better.
The daeva hits your acid blob with a +2 scimitar of holy wrath!!
The daeva is burned by acid!
The daeva hits your acid blob with a +2 scimitar of holy wrath!
The daeva is burned by acid!
The pearl dragon bites you!!
You die...

▓▓▓▓▓▓▓▓▓▓
▓....8©8....▓▓.8©8.▓.8©
▓..)=:))|}..▓▓..|).▓.=[
▓..[:}}|"[..▓▓.....▓...
▓...........▓▓.†...▓...
▓...........▓▓.....▓...
▓.....A.....▓▓.....▓...
▓....JD)....▓▓..©..▓..©
▓.....@)....▓▓▓▓▓▓▓▓▓▓▓
▓..▓.....▓..▓..8©8...▓.
▓...........▓........▓.
▓.....©.....▓........▓.
▓▓▓▓▓▓▓▓▓▓▓▓▓........▓.
▓....8©8....▓........▓.
▓..|.))|:...▓.▓....▓.▓.
▓...)).)|=..▓...©....▓.
▓...........▓▓▓▓▓▓▓▓▓▓▓


You could see a daeva (ally target), a pearl dragon (catching breath) and a
friendly acid blob (summoned).

Vanquished Creatures
  A daeva (D)
  An angel (D)
  2 hydras (D)
  A thrashing horror (D)
  A wolf spider (D)
  4 toenail golems (D)
  3 cane toads (D)
  2 komodo dragons (D)
  2 freezing wraiths (D)
  A blink frog (D)
  3 shadows (D)
  A flying skull (D)
  2 redbacks (D)
  2 tarantellas (D)
  A wyvern (D)
  A ynoxinul (D)
  3 fire elementals (D)
  A steam dragon (D)
  2 hell hounds (D)
  2 water moccasins (D)
  A necrophage (D)
  5 phantoms (D)
  3 scorpions (D)
  A wight (D)
  4 crimson imps (D)
  A quasit (D)
  5 iron imps (D)
  A hell rat (D)
  A shadow imp (D)
  4 white imps (D)
  An ufetubus (D)
  2 adder skeletons (D)
  2 adder zombies (D)
  2 bat zombies (D)
  A ball python skeleton (D)
  A ball python zombie (D)
  2 giant cockroach zombies (D)
  A jackal skeleton (D)
  A quokka skeleton (D)
  A quokka zombie (D)
76 creatures vanquished.

Vanquished Creatures (collateral kills)
  A reaper (D)
  A soul eater (D)
  2 hellions (D)
  A tormentor (D)
  An ice devil (D)
  A red devil (D)
  A flying skull (D)
  A giant cockroach zombie (D)
9 creatures vanquished.

Vanquished Creatures (others)
  the Royal Jelly (D)
  Dissolution (D)
  Ereshkigal (D)
  Margery (D)
  the Lernaean hydra (D)
  Nellie (D)
  4 acid blobs (D)
  Agnes (D)
  Donald (D)
  5 azure jellies (D)
  6 rockslimes (D)
  A quicksilver ooze (D)
  Nessos (D)
  Maurice (D)
  Grum (D)
  Menkaure (D)
  Blork the orc (D)
  11 jellies (D)
40 creatures vanquished.

Grand Total: 125 creatures vanquished

Notes
Turn   | Place    | Note
-------+----------+-------------------------------------------
     0 | D        | Zeld the Octopode Fighter began the quest for the Orb.
     0 | D        | Reached XP level 1. HP: 16/16 MP: 1/1
     3 | D        | Found a blossoming altar of Fedhas.
     4 | D        | Found the +6 Majin-Bo {vamp, MP+6 Int+6}
     4 | D        | Found the +9 heavy crossbow "Sniper" {vorpal, Acc+∞ SInv}
     4 | D        | Found the +10 dark maul {vorpal}
     4 | D        | Found the +15 Maxwell's patent armour {-Cast -Tele rElec
                  | Will+ rCorr}
     4 | D        | Found the +18 shield of the Gong {rElec rN+ Will+ EV-5}
     4 | D        | Found the +14 obsidian axe {vorpal, Drain Fly SInv}
     5 | D        | Found the +7 great mace "Firestarter" {inner flame, rF++}
     5 | D        | Found the +6 shillelagh "Devastator" {shatter}
     5 | D        | Found the +11 plutonium sword {Contam Stlth-}
     5 | D        | Found the +8 lance "Wyrmbane" {slay drac, rPois rF+ rC+
                  | AC+3}
     5 | D        | Found the +9 sword of Zonguldrok {reap}
     5 | D        | Found the +13 scythe of Curses {drain, Drain}
     5 | D        | Found the +5 sword of Power {vorpal}
     5 | D        | Found the +7 mace of Variability {chain chaos}
     5 | D        | Found the +7 Singing Sword {vorpal, sonic wave}
     5 | D        | Found the +8 storm bow {elec, penet}
     6 | D        | Found a viscous altar of Jiyva.
     6 | D        | Found a hazy altar of Hepliaklqana.
     6 | D        | Found a transporter.
     6 | D        | Found an opulent altar of Gozag.
     6 | D        | Found an ancient bone altar of Kikubaaqudgha.
     6 | D        | Found a corrupted altar of Lugonu.
    13 | D        | Found a burning altar of Makhleb.
    17 | D        | Became a worshipper of Jiyva Jotoin the Shapeless
    17 | D        | Reached * piety under Jiyva
    17 | D        | Reached ** piety under Jiyva
    17 | D        | Reached *** piety under Jiyva
    17 | D        | Gained mutation: You have acidic saliva. [Jiyva's grace]
    17 | D        | Reached **** piety under Jiyva
    17 | D        | Reached ***** piety under Jiyva
    17 | D        | Gained mutation: You are robust. (+10% HP) [Jiyva's grace]
    17 | D        | Gained mutation: Your body has grown golden eyes which may
                  | confuse attackers. (Acc +3) [Jiyva's grace]
    17 | D        | Reached ****** piety under Jiyva
    17 | D        | Gained mutation: You have supernaturally acute eyesight.
                  | (SInv) [Jiyva's grace]
    17 | D        | Gained mutation: Your flesh is heat resistant. (rF+)
                  | [Jiyva's grace]
    18 | D        | Gained mutation: One of your tentacles bears a spike.
                  | [Jiyva's grace]
    18 | D        | Lost mutation: You have acidic saliva. [Jiyva's grace]
    18 | D        | Gained mutation: Your pliable body absorbs attacks. (AC +2,
                  | EV +2) [Jiyva's grace]
    18 | D        | Gained mutation: Your body sometimes deteriorates upon
                  | taking damage. [Jiyva's grace]
    19 | D        | Lost mutation: You have supernaturally acute eyesight.
                  | (SInv) [Jiyva's grace]
    19 | D        | Gained mutation: You are very robust. (+20% HP) [Jiyva's
                  | grace]
    20 | D        | Lost mutation: Your flesh is heat resistant. (rF+) [Jiyva's
                  | grace]
    20 | D        | Gained mutation: You have a pair of small antennae on your
                  | head. [Jiyva's grace]
    20 | D        | Gained mutation: Your flesh is heat resistant. (rF+)
                  | [Jiyva's grace]
    21 | D        | Gained mutation: You have a small jelly attached to you
                  | that senses nearby items. [Jiyva's grace]
    21 | D        | Gained mutation: Your spells are a little harder to cast,
                  | but a little more powerful. [Jiyva's grace]
    21 | D        | Killed Nessos
    21 | D        | Lost mutation: One of your tentacles bears a spike.
                  | [Jiyva's grace]
    22 | D        | Lost mutation: Your spells are a little harder to cast, but
                  | a little more powerful. [Jiyva's grace]
    22 | D        | Gained mutation: You are agile. (Dex +2) [Jiyva's grace]
    22 | D        | Killed Grum
    23 | D        | Lost mutation: You are very robust. (+20% HP) [Jiyva's
                  | grace]
    23 | D        | Killed the Royal Jelly
    23 | D        | Lost mutation: Your body sometimes deteriorates upon taking
                  | damage. [Jiyva's grace]
    23 | D        | Killed Agnes
    23 | D        | Gained mutation: You passively map a small area around you.
                  | [Jiyva's grace]
    24 | D        | Killed Blork the orc
    24 | D        | Killed an azure jelly
    24 | D        | Gained mutation: You possess an exceptional clarity of
                  | mind. [Jiyva's grace]
    24 | D        | Lost mutation: You have a pair of small antennae on your
                  | head. [Jiyva's grace]
    24 | D        | Gained mutation: You are very agile. (Dex +4) [Jiyva's
                  | grace]
    25 | D        | Killed an azure jelly
    25 | D        | Killed Donald
    25 | D        | Killed a quicksilver ooze
    25 | D        | Killed an acid blob
    25 | D        | Killed an acid blob
    25 | D        | Killed a rockslime
    25 | D        | Killed Ereshkigal
    26 | D        | Gained mutation: Your muscles are strong. (Str +2) [Jiyva's
                  | grace]
    26 | D        | Killed an azure jelly
    26 | D        | Killed the 27-headed Lernaean hydra
    27 | D        | Gained mutation: Your mind is acute. (Int +2) [Jiyva's
                  | grace]
    27 | D        | Killed Menkaure
    27 | D        | Killed a rockslime
    28 | D        | Lost mutation: You passively map a small area around you.
                  | [Jiyva's grace]
    28 | D        | Killed a rockslime
    28 | D        | Gained mutation: You have a small jelly attached to you
                  | that may absorb incoming projectiles. [Jiyva's grace]
    28 | D        | Lost mutation: Your pliable body absorbs attacks. (AC +2,
                  | EV +2) [Jiyva's grace]
    28 | D        | Lost mutation: You are very agile. (Dex +4) [Jiyva's grace]
    28 | D        | Gained mutation: You are somewhat resistant to further
                  | mutation. [Jiyva's grace]
    28 | D        | Gained mutation: Your muscles are very strong. (Str +4)
                  | [Jiyva's grace]
    28 | D        | Gained mutation: You are covered in slimy tendrils that may
                  | disarm your opponents. [Jiyva's grace]
    28 | D        | Lost mutation: You possess an exceptional clarity of mind.
                  | [Jiyva's grace]
    28 | D        | Lost mutation: Your muscles are very strong. (Str +4)
                  | [Jiyva's grace]
    28 | D        | Gained mutation: Your spells are a little harder to cast,
                  | but a little more powerful. [Jiyva's grace]
    28 | D        | Lost mutation: Your mind is acute. (Int +2) [Jiyva's grace]
    28 | D        | Lost mutation: You are somewhat resistant to further
                  | mutation. [Jiyva's grace]
    28 | D        | Lost mutation: Your muscles are strong. (Str +2) [Jiyva's
                  | grace]
    28 | D        | Gained mutation: Your body sometimes deteriorates upon
                  | taking damage. [Jiyva's grace]
    29 | D        | Killed a rockslime
    29 | D        | Gained mutation: Your pliable body absorbs attacks. (AC +2,
                  | EV +2) [Jiyva's grace]
    29 | D        | Gained mutation: You are somewhat resistant to further
                  | mutation. [Jiyva's grace]
    30 | D        | Killed Maurice
    30 | D        | Gained mutation: You are partially covered in iridescent
                  | scales. (AC +2) [Jiyva's grace]
    30 | D        | Killed an azure jelly
    30 | D        | Killed Nellie
    31 | D        | Killed an acid blob
    31 | D        | Killed a rockslime
    31 | D        | Killed a rockslime
    31 | D        | Killed Dissolution
    32 | D        | Killed Margery
    33 | D        | Found a stormy altar of Qazlal.
    33 | D        | Found an iron altar of Okawaru.
    33 | D        | Found a sacrificial altar of Ru.
    33 | D        | Found a sparkling altar of Nemelex Xobeh.
    33 | D        | Found a shimmering blue altar of Sif Muna.
    33 | D        | Found a bloodstained altar of Trog.
    33 | D        | Killed an azure jelly
    33 | D        | Lost mutation: You have a small jelly attached to you that
                  | may absorb incoming projectiles. [Jiyva's grace]
    33 | D        | Gained mutation: You have acidic saliva. [Jiyva's grace]
    33 | D        | Lost mutation: You are covered in slimy tendrils that may
                  | disarm your opponents. [Jiyva's grace]
    33 | D        | Lost mutation: Your pliable body absorbs attacks. (AC +2,
                  | EV +2) [Jiyva's grace]
    33 | D        | Lost mutation: You are agile. (Dex +2) [Jiyva's grace]
    34 | D        | Lost mutation: You are somewhat resistant to further
                  | mutation. [Jiyva's grace]
    34 | D        | Gained mutation: One of your tentacles bears a spike.
                  | [Jiyva's grace]
    34 | D        | Lost mutation: One of your tentacles bears a spike.
                  | [Jiyva's grace]
    35 | D        | Lost mutation: You are robust. (+10% HP) [Jiyva's grace]
    35 | D        | Killed an acid blob
    35 | D        | Lost mutation: Your body sometimes deteriorates upon taking
                  | damage. [Jiyva's grace]
    35 | D        | Lost mutation: Your spells are a little harder to cast, but
                  | a little more powerful. [Jiyva's grace]
    35 | D        | Lost mutation: Your flesh is heat resistant. (rF+) [Jiyva's
                  | grace]
    38 | D        | Lost mutation: You are partially covered in iridescent
                  | scales. (AC +2) [Jiyva's grace]
    40 | D        | Reached skill level 5 in Fighting
    40 | D        | Reached skill level 5 in Shields
    40 | D        | Reached XP level 2. HP: 24/24 MP: 2/2
    43 | D        | Gained mutation: You are covered in slimy tendrils that may
                  | disarm your opponents. [Jiyva's grace]
    51 | D        | Gained mutation: You are agile. (Dex +2) [Jiyva's grace]
    57 | D        | Gained mutation: Your natural rate of healing is unusually
                  | fast. [Jiyva's grace]
    60 | D        | Gained mutation: You possess an exceptional clarity of
                  | mind. [Jiyva's grace]
    65 | D        | Lost mutation: Your body has grown golden eyes which may
                  | confuse attackers. (Acc +3) [Jiyva's grace]
    68 | D        | Entered arena 2.
    68 | D        | Noticed a hell hound
    68 | D        | Found a transporter.
    72 | D        | Killed a hell hound
    72 | D        | Lost mutation: You are covered in slimy tendrils that may
                  | disarm your opponents. [Jiyva's grace]
    73 | D        | Reached skill level 6 in Fighting
    73 | D        | Reached XP level 3. HP: 31/31 MP: 3/3
    73 | D        | Reached XP level 4. HP: 36/36 MP: 4/4
    73 | D        | Reached XP level 5. HP: 42/42 MP: 5/5
    78 | D        | Gained mutation: You have a small jelly attached to you
                  | that may absorb incoming projectiles. [Jiyva's grace]
    80 | D        | Got the ring "Turagiet" {rF+ AC+4}
    82 | D        | Gained mutation: Your melee attacks may engulf your foes in
                  | ooze. [Jiyva's grace]
    85 | D        | Entered arena 3.
    85 | D        | Found a transporter.
    88 | D        | Lost mutation: Your melee attacks may engulf your foes in
                  | ooze. [Jiyva's grace]
    90 | D        | Reached skill level 7 in Fighting
    90 | D        | Lost mutation: You are agile. (Dex +2) [Jiyva's grace]
    94 | D        | Gained mutation: Your mind is acute. (Int +2) [Jiyva's
                  | grace]
    98 | D        | Lost mutation: Your mind is acute. (Int +2) [Jiyva's grace]
   102 | D        | Entered arena 4.
   102 | D        | Noticed a hell hound
   102 | D        | Noticed a fire elemental
   102 | D        | Noticed a fire elemental
   102 | D        | Noticed a fire elemental
   102 | D        | Found a transporter.
   103 | D        | Lost mutation: You possess an exceptional clarity of mind.
                  | [Jiyva's grace]
   107 | D        | Killed a fire elemental
   108 | D        | Reached skill level 8 in Fighting
   108 | D        | Reached XP level 6. HP: 40/51 MP: 6/6
   109 | D        | Gained mutation: Your system is resistant to poisons.
                  | (rPois) [Jiyva's grace]
   110 | D        | Killed a hell hound
   111 | D        | Reached skill level 9 in Fighting
   112 | D        | Gained mutation: You expend magic power (3 MP) to
                  | strengthen your wands. [Jiyva's grace]
   113 | D        | Killed a fire elemental
   114 | D        | Reached XP level 7. HP: 56/57 MP: 7/7
   114 | D        | Killed a fire elemental
   115 | D        | Reached skill level 10 in Fighting
   115 | D        | Reached skill level 10 in Shields
   117 | D        | Gained mutation: Your melee attacks may engulf your foes in
                  | ooze. [Jiyva's grace]
   122 | D        | Lost mutation: Your natural rate of healing is unusually
                  | fast. [Jiyva's grace]
   125 | D        | Lost mutation: Your melee attacks may engulf your foes in
                  | ooze. [Jiyva's grace]
   130 | D        | Entered arena 5.
   130 | D        | Noticed a toenail golem
   130 | D        | Noticed a toenail golem
   130 | D        | Noticed a toenail golem
   130 | D        | Noticed a toenail golem
   130 | D        | Found a transporter.
   133 | D        | Gained mutation: Armour fits poorly on your pseudopods.
                  | [Jiyva's grace]
   137 | D        | Killed a toenail golem
   137 | D        | Gained mutation: Your mind is acute. (Int +2) [Jiyva's
                  | grace]
   138 | D        | Reached skill level 10 in Axes
   138 | D        | Reached XP level 8. HP: 58/66 MP: 8/8
   140 | D        | Killed a toenail golem
   141 | D        | Reached skill level 11 in Fighting
   141 | D        | Lost mutation: You expend magic power (3 MP) to strengthen
                  | your wands. [Jiyva's grace]
   142 | D        | Killed a toenail golem
   143 | D        | Reached XP level 9. HP: 64/73 MP: 9/9
   143 | D        | Gained mutation: Your melee attacks may engulf your foes in
                  | ooze. [Jiyva's grace]
   145 | D        | Killed a toenail golem
   146 | D        | Reached skill level 12 in Fighting
   146 | D        | Gained mutation: Your flesh is cold resistant. (rC+)
                  | [Jiyva's grace]
   150 | D        | Got the ring "Vadep" {rPois Str+2}
   152 | D        | Gained mutation: You have an increased reservoir of magic.
                  | (+10% MP) [Jiyva's grace]
   154 | D        | Got the ring of Didagoni {rN+ MP+9 Int+2 Stlth+}
   155 | D        | Lost mutation: Your mind is acute. (Int +2) [Jiyva's grace]
   160 | D        | Gained mutation: Armour fits poorly on your large
                  | pseudopods. [Jiyva's grace]
   165 | D        | Entered arena 6.
   165 | D        | Gained mutation: Armour fits poorly on your massive
                  | pseudopods. [Jiyva's grace]
   165 | D        | Found a transporter.
   167 | D        | Gained mutation: You are frail. (-10% HP) [Jiyva's grace]
   173 | D        | Gained mutation: You are partially covered in large bone
                  | plates. (SH +4) [Jiyva's grace]
   177 | D        | Gained mutation: You are covered in fur. (AC +1) [Jiyva's
                  | grace]
   180 | D        | Gained mutation: You expend magic power (3 MP) to
                  | strengthen your wands. [Jiyva's grace]
   183 | D        | Lost mutation: Your flesh is cold resistant. (rC+) [Jiyva's
                  | grace]
   184 | D        | Lost mutation: You are frail. (-10% HP) [Jiyva's grace]
   186 | D        | Gained mutation: You evolve. [Jiyva's grace]
   187 | D        | Lost mutation: You evolve. [Jiyva's grace]
   191 | D        | Gained mutation: You evolve. [Jiyva's grace]
   191 | D        | Lost mutation: Your melee attacks may engulf your foes in
                  | ooze. [Jiyva's grace]
   192 | D        | Gained mutation: Your mind is acute. (Int +2) [Jiyva's
                  | grace]
   195 | D        | Gained mutation: Your muscles are strong. (Str +2) [Jiyva's
                  | grace]
   197 | D        | Entered arena 7.
   197 | D        | Noticed a shining eye
   198 | D        | Found a transporter.
   198 | D        | Noticed an eye of devastation
   205 | D        | Got the amulet "Ciototz" {Faith +Inv Str+4 Int-3 SInv}
   208 | D        | Gained mutation: Your muscles are very strong. (Str +4)
                  | [Jiyva's grace]
   219 | D        | Entered arena 8.
   220 | D        | Found a transporter.
   221 | D        | Gained mutation: You are mostly covered in large bone
                  | plates. (SH +6) [Jiyva's grace]
   232 | D        | Lost mutation: You expend magic power (3 MP) to strengthen
                  | your wands. [Jiyva's grace]
   238 | D        | Entered arena 9.
   239 | D        | Found the +2 ratskin cloak {*Rats rPois rN+ Str-1 Int-1
                  | Dex+1}
   239 | D        | Found a transporter.
   240 | D        | Lost mutation: You have a small jelly attached to you that
                  | may absorb incoming projectiles. [Jiyva's grace]
   247 | D        | Lost mutation: Armour fits poorly on your massive
                  | pseudopods. [Jiyva's grace]
   258 | D        | Gained mutation: You have a beak for a mouth. [Jiyva's
                  | grace]
   263 | D        | Entered arena 10.
   263 | D        | Noticed a wolf spider
   264 | D        | Found the +6 arbalest "Damnation" {damnation}
   264 | D        | Found a transporter.
   269 | D        | Gained mutation: You have a small jelly attached to you
                  | that may absorb incoming projectiles. [Jiyva's grace]
   272 | D        | Reached skill level 13 in Fighting
   272 | D        | Reached XP level 10. HP: 59/82 MP: 11/11
   272 | D        | Killed a wolf spider
   280 | D        | Lost mutation: You evolve. [Jiyva's grace]
   282 | D        | Got the Reference Book on Confrontation
   288 | D        | Gained mutation: You are partially covered in iridescent
                  | scales. (AC +2) [Jiyva's grace]
   292 | D        | Entered arena 11.
   292 | D        | Noticed a thrashing horror
   294 | D        | Killed a thrashing horror
   295 | D        | Reached skill level 14 in Fighting
   295 | D        | Found a transporter.
   300 | D        | Lost mutation: You have acidic saliva. [Jiyva's grace]
   306 | D        | Lost mutation: You are partially covered in iridescent
                  | scales. (AC +2) [Jiyva's grace]
   311 | D        | Gained mutation: Your spells are a little harder to cast,
                  | but a little more powerful. [Jiyva's grace]
   317 | D        | Lost mutation: Your mind is acute. (Int +2) [Jiyva's grace]
   328 | D        | Entered arena 12.
   328 | D        | Noticed an azure jelly
   328 | D        | Noticed a great orb of eyes
   328 | D        | Noticed an eye of devastation
   328 | D        | Noticed a rockslime
   328 | D        | Noticed an eye of devastation
   328 | D        | Noticed a rockslime
   330 | D        | Found a transporter.
   331 | D        | Lost mutation: Your system is resistant to poisons. (rPois)
                  | [Jiyva's grace]
   339 | D        | Gained mutation: You are agile. (Dex +2) [Jiyva's grace]
   342 | D        | Entered arena 13.
   342 | D        | Noticed a hellion
   343 | D        | Noticed a hellion
   343 | D        | Noticed a reaper
   343 | D        | Noticed a soul eater
   344 | D        | Found a transporter.
   348 | D        | Killed a hellion
   350 | D        | Killed a hellion
   350 | D        | Gained mutation: Your mind is acute. (Int +2) [Jiyva's
                  | grace]
   354 | D        | Killed a reaper
   355 | D        | Reached skill level 15 in Fighting
   356 | D        | Lost mutation: You have a small jelly attached to you that
                  | may absorb incoming projectiles. [Jiyva's grace]
   360 | D        | Killed a soul eater
   367 | D        | Lost mutation: You have an increased reservoir of magic.
                  | (+10% MP) [Jiyva's grace]
   374 | D        | Lost mutation: Your mind is acute. (Int +2) [Jiyva's grace]
   374 | D        | Gained mutation: You are dopey. (Int -2) [Jiyva's grace]
   374 | D        | Gained mutation: One of your tentacles bears a spike.
                  | [Jiyva's grace]
   374 | D        | Gained mutation: You are strong-willed. (Will+) [Jiyva's
                  | grace]
   374 | D        | Lost mutation: Your muscles are very strong. (Str +4)
                  | [Jiyva's grace]
   375 | D        | Lost mutation: One of your tentacles bears a spike.
                  | [Jiyva's grace]
   375 | D        | Gained mutation: One of your tentacles bears a spike.
                  | [Jiyva's grace]
   375 | D        | Lost mutation: Armour fits poorly on your large pseudopods.
                  | [Jiyva's grace]
   375 | D        | Gained mutation: You are robust. (+10% HP) [Jiyva's grace]
   375 | D        | Lost mutation: Your muscles are strong. (Str +2) [Jiyva's
                  | grace]
   375 | D        | Lost mutation: You are robust. (+10% HP) [Jiyva's grace]
   375 | D        | Gained mutation: A frigid envelope surrounds you and
                  | freezes all who hurt you. [Jiyva's grace]
   375 | D        | Lost mutation: You are strong-willed. (Will+) [Jiyva's
                  | grace]
   376 | D        | Lost mutation: You are dopey. (Int -2) [Jiyva's power]
   378 | D        | Lost mutation: You are agile. (Dex +2) [Jiyva's grace]
   396 | D        | Gained mutation: Your melee attacks may engulf your foes in
                  | ooze. [Jiyva's grace]
   403 | D        | Lost mutation: Your melee attacks may engulf your foes in
                  | ooze. [Jiyva's grace]
   410 | D        | Entered arena 14.
   410 | D        | Gained mutation: Your body has grown golden eyes which may
                  | confuse attackers. (Acc +3) [Jiyva's grace]
   417 | D        | Found a transporter.
   422 | D        | Reached XP level 11. HP: 93/93 MP: 11/11
   424 | D        | Lost mutation: Armour fits poorly on your pseudopods.
                  | [Jiyva's grace]
   425 | D        | Reached skill level 16 in Fighting
   428 | D        | Reached skill level 15 in Shields
   429 | D        | Gained mutation: You are resistant to electric shocks.
                  | (rElec) [Jiyva's grace]
   430 | D        | Lost mutation: One of your tentacles bears a spike.
                  | [Jiyva's grace]
   433 | D        | Lost mutation: You are mostly covered in large bone plates.
                  | (SH +6) [Jiyva's grace]
   435 | D        | Lost mutation: You have a small jelly attached to you that
                  | senses nearby items. [Jiyva's grace]
   437 | D        | Lost mutation: Your spells are a little harder to cast, but
                  | a little more powerful. [Jiyva's grace]
   440 | D        | Lost mutation: You are resistant to electric shocks.
                  | (rElec) [Jiyva's grace]
   440 | D        | Gained mutation: Armour fits poorly on your pseudopods.
                  | [Jiyva's grace]
   442 | D        | Got the amulet of the Median {RegenMP +Blink rElec Str+7
                  | Dex-2}
   444 | D        | Lost mutation: Your body has grown golden eyes which may
                  | confuse attackers. (Acc +3) [Jiyva's grace]
   450 | D        | Gained mutation: Armour fits poorly on your large
                  | pseudopods. [Jiyva's grace]
   462 | D        | Gained mutation: You have supernaturally acute eyesight.
                  | (SInv) [Jiyva's grace]
   466 | D        | Entered arena 15.
   467 | D        | Noticed a six-headed hydra
   468 | D        | Found the +7 pair of quick blades "Gyre" and "Gimble"
                  | {protect}
   468 | D        | Noticed a five-headed hydra
   471 | D        | Gained mutation: You evolve. [Jiyva's grace]
   476 | D        | Killed a three-headed hydra
   477 | D        | Reached skill level 15 in Axes
   478 | D        | Reached skill level 17 in Fighting
   480 | D        | Killed a three-headed hydra
   481 | D        | Gained mutation: Your body has grown golden eyes which may
                  | confuse attackers. (Acc +3) [Jiyva's grace]
   484 | D        | Found a transporter.
   487 | D        | Gained mutation: You are partially covered in iridescent
                  | scales. (AC +2) [Jiyva's grace]
   495 | D        | Lost mutation: You evolve. [Jiyva's grace]
   504 | D        | Lost mutation: You have supernaturally acute eyesight.
                  | (SInv) [Jiyva's grace]
   510 | D        | Lost mutation: You are partially covered in iridescent
                  | scales. (AC +2) [Jiyva's grace]
   524 | D        | Gained mutation: Your muscles are strong. (Str +2) [Jiyva's
                  | grace]
   526 | D        | Entered arena 16.
   527 | D        | Noticed a daeva
   527 | D        | Noticed an angel
   529 | D        | Noticed a daeva
   529 | D        | Noticed a pearl dragon
   532 | D        | Found a transporter.
   535 | D        | Lost mutation: Your body has grown golden eyes which may
                  | confuse attackers. (Acc +3) [Jiyva's grace]
   539 | D        | Killed a daeva
   539 | D        | Killed an angel
   539 | D        | Slain by a pearl dragon

Illustrated notes

Levels and vault maps discovered:
D:        sprint_v [room_start, room_1, room_2, room_3, room_4, room_5, room_6,
          room_7, room_8, room_9, room_10, room_11, room_12, room_13, room_14,
          room_15, room_16, room_17, room_18, room_19, room_20, room_21,
          room_22, room_23, room_24, room_25, room_26, room_27]

Skill      XL: |  1  2  3  4  5  6  7  8  9 10 11 |
---------------+----------------------------------+-----
Fighting       | 5 6 8 9 10 11 13 15 17 | 17.8
Axes           | 4 6 8 9 10 11 13 14 15 | 15.8
Shields        | 5 6 8 9 10 11 13 14 16 | 16.0
Dodging        | |  3.0

Action                   |  1- 3 |  4- 6 |  7- 9 | 10-12 || total
-------------------------+-------+-------+-------+-------++-------
Melee: Broad axe         |     3 |    11 |    43 |    40 ||    97
       Tentacles         |     1 |     4 |     8 |    10 ||    23
       Constrict         |     1 |     1 |     4 |     7 ||    13
       Bite              |       |     1 |     9 |       ||    10
       Pseudopods        |       |       |     7 |     6 ||    13
       Peck              |       |       |     4 |     9 ||    13
       Kick              |       |       |       |     5 ||     5
Invok: Slimify           |       |       |     2 |     1 ||     3
       Request Jelly     |       |       |     1 |     9 ||    10
       Cure Bad Mutation |       |       |       |     1 ||     1
  Use: Potion            |     1 |       |       |     6 ||     7
       Scroll            |       |       |     1 |     4 ||     5
Armor: Skin              |       |    11 |     5 |    11 ||    27
Dodge: Dodged            |     1 |     9 |     9 |    16 ||    35
Block: Tower shield      |     3 |    23 |    63 |    89 ||   178

Table legend: (Time is in decaauts)
 A = Elapsed time spent in this place.
 B = Non-inter-level travel time spent in this place.
 C = Inter-level travel time spent in this place.
 D = Time resting spent in this place.
 E = Time spent auto-exploring this place.
 F = Levels seen in this place.
 G = Mean time per level.
                   A        B        C        D        E       F      G
               +--------+--------+--------+--------+--------+-----+--------+
         Total |    557 |    557 |      0 |     75 |      0 |   1 |  557.0 |
       Dungeon |    557 |    557 |      0 |     75 |      0 |   1 |  557.0 |
               +--------+--------+--------+--------+--------+-----+--------+

Top non-repeatable levels by time:
       D: 557 daAuts
